 Dungeon Crawl Stone Soup version 0.29-a0-416-g83a48905f1 (webtiles) character file.

Game seed: 1842885290805938288

594209 Bruhh the Worldbinder (level 27, -1/178 HPs)
             Began as a Gargoyle Earth Elementalist on May 16, 2022.
             Was an Initiate of Gozag.
             Killed from afar by an orb of fire (31 damage)
             ... with a bolt of fire
             ... while paralysed by a dread lich
             ... on level 5 of the Realm of Zot on May 17, 2022.
             The game lasted 04:15:47 (112690 turns).

Bruhh the Worldbinder (GrEE)                      Turns: 112690, Time: 04:15:48

Health: -1/178     AC: 42    Str: 10    XL:     27
Magic:  17/48      EV:  2    Int: 48    God:    Gozag
Gold:   7275       SH:  0    Dex: 14    Spells: 10/68 levels left

rFire   + . .      SeeInvis .   y - +12 war axe "Putatant" {drain, Str-4 Int+9}
rCold   + + +      Faith    .   I - +2 buckler {AC+3}
rNeg    + . .      Spirit   .   z - +0 ring mail of Life {rPois rF+ Dex+4}
rPois   ∞          Reflect  +   U - +0 helmet
rElec   +          Harm     .   Z - +2 cloak {rCorr}
rCorr   +          Rampage  .   S - +0 pair of gloves of Temperance {Regen+}
Will    ++...                   P - +0 pair of boots
Stlth   ++........              j - amulet of Norroif {Reflect rElec Int+5 SH+5}
HPRegen 1.19/turn               Y - ring of wizardry
MPRegen 0.31/turn               J - ring "Lachiethe" {Drain +Blink rC+++ Int+6 Stlth+}

@: paralysed, calling dragons, gold aura, flying, slowed, studying Staves
A: sickness immunity, AC +20, big wings, negative energy resistance 1,
electricity resistance, torment resistance 1, petrification resistance, talons
1, deterioration 1, mutation resistance 1, screaming 1, subdued magic 1
}: 4/15 runes: barnacled, slimy, silver, gossamer
a: Renounce Religion, Evoke Blink, Potion Petition, Call Merchant, Bribe Branch


You were on level 5 of the Realm of Zot.
You worshipped Gozag.
Gozag was greatly pleased with you.
You visited 10 branches of the dungeon, and saw 53 of its levels.
You visited 1 bazaar.

You collected 29308 gold pieces.
You spent 7813 gold pieces at shops.
You paid 14220 gold pieces to Gozag.

Inventory:

Hand Weapons
 y - the +12 war axe "Putatant" (weapon) {drain, Str-4 Int+9}
   (You found it on level 5 of the Dungeon)

   A truly terrible weapon, it drains the life of any living foe it strikes.
   Str:       It affects your strength (-4).
   Int:       It affects your intelligence (+9).
Missiles
 B - 326 stones
 N - a throwing net
Armour
 n - a +2 ring mail of willpower
 z - the +0 ring mail of Life (worn) {rPois rF+ Dex+4}
   (You bought it in a shop on level 13 of the Dungeon)

   Dex:       It affects your dexterity (+4).
   rF:        It protects you from fire.
   rPois:     It protects you from poison.
 I - a +2 buckler of protection (worn)
 P - a +0 pair of boots (worn)
 S - the +0 pair of gloves of Temperance (worn) {Regen+}
   (You acquired it on level 4 of the Spider Nest)

   Regen:     It increases your rate of health regeneration.
 U - a +0 helmet (worn)
 Z - a +2 cloak of preservation (worn)
Jewellery
 d - the ring of the Tortoise {AC+8}
   (You found it on level 4 of the Depths)

   [ring of protection]

   AC:        It affects your AC (+8).
 j - the amulet of Norroif (around neck) {Reflect rElec Int+5 SH+5}
   (You bought it in a shop on level 2 of the Shoals)

   [amulet of reflection]

   It reflects blocked missile attacks.
   Int:       It affects your intelligence (+5).
   rElec:     It insulates you from electricity.
   SH:        It affects your SH (+5).
 J - the ring "Lachiethe" (right hand) {Drain +Blink rC+++ Int+6 Stlth+}
   (You bought it in a shop on level 1 of the Depths)

   [ring of intelligence]

   Int:       It affects your intelligence (+6).
   rC:        It renders you almost immune to cold.
   +Blink:    It lets you blink.
   Drain:     It drains your maximum health when unequipped.
   Stlth:     It makes you more stealthy.
 X - the ring "Paonaha" {rF++ MP+9 EV+4 Int-2 Dex+4}
   (You took it off a deep elf master archer on level 3 of the Elven Halls)

   [ring of evasion]

   EV:        It affects your evasion (+4).
   Int:       It affects your intelligence (-2).
   Dex:       It affects your dexterity (+4).
   rF:        It greatly protects you from fire.
   MP:        It affects your magic capacity (+9).
 Y - a ring of wizardry (left hand)
Wands
 f - a wand of iceblast (61)
 w - a wand of digging (2)
 G - a wand of mindburst (45)
 K - a wand of polymorph (28)
 O - a wand of acid (19)
Scrolls
 a - a scroll of summoning
 b - 4 scrolls of fear
 e - a scroll of silence
 g - 12 scrolls of enchant armour
 q - 11 scrolls of teleportation
 s - 7 scrolls of immolation
 u - 5 scrolls of fog
 A - 13 scrolls of poison
 C - 4 scrolls of amnesia
 D - 5 scrolls of magic mapping
 L - 3 scrolls of blinking
 M - 9 scrolls of enchant weapon
 R - 4 scrolls of brand weapon
Potions
 h - 4 potions of resistance
 i - 6 potions of ambrosia
 k - a potion of heal wounds
 l - 9 potions of brilliance
 m - 14 potions of mutation
 o - 15 potions of might
 p - 9 potions of curing
 r - 4 potions of haste
 t - 7 potions of berserk rage
 v - 8 potions of attraction
 E - 3 potions of cancellation
 H - 3 potions of invisibility
Miscellaneous
 c - a condenser vane
 x - a box of beasts
 W - a tin of tremorstones (2/2)


   Skills:
 + Level 19.7 Fighting
 - Level 18.0 Armour
 - Level 18.0 Dodging
 - Level 2.1 Stealth
 - Level 14.0 Shields
 - Level 21.0 Spellcasting
 - Level 8.0 Conjurations
 - Level 21.0 Summonings
 - Level 0.7 Transmutations
 - Level 14.0 Earth Magic
 - Level 11.0 Evocations


You had 10 spell levels left.
You knew the following spells:

 Your Spells              Type           Power      Damage    Failure   Level
a - Sandblast             Erth           100%       2d20      0%          1
b - Stone Arrow           Conj/Erth      100%       3d13      0%          3
c - Dragon's Call         Summ           57%        N/A       4%          9
d - Summon Cactus Giant   Summ           57%        N/A       0%          6
e - Summon Mana Viper     Hex/Summ       86%        N/A       1%          5
f - Monstrous Menagerie   Summ           57%        N/A       1%          7
g - Summon Horrible Thin  Summ           57%        N/A       1%          8
h - Summon Forest         Summ/Tloc      43%        N/A       1%          5
i - Summon Hydra          Summ           57%        N/A       1%          7
j - Malign Gateway        Summ/Tloc      43%        N/A       2%          7

Your spell library contained the following spells:

 Spells                   Type           Power      Damage    Failure   Level
 Magic Dart               Conj           100%       1d8       0%          1
 Summon Small Mammal      Summ           100%       N/A       0%          1
 Passwall                 Tmut/Erth      62%        N/A       0%          2
 Searing Ray              Conj           100%       2d8       0%          2
 Call Canine Familiar     Summ           100%       N/A       0%          3
 Summon Guardian Golem    Hex/Summ       86%        N/A       0%          3
 Animate Skeleton         Necr           76%        N/A       1%          1
 Beastly Appendage        Tmut           88%        N/A       1%          1
 Freeze                   Ice            100%       1d11      1%          1
 Shock                    Conj/Air       100%       1d9       1%          1
 Sting                    Tmut/Pois      100%       1d8       1%          1
 Corpse Rot               Necr/Air       76%        N/A       1%          2
 Ensorcelled Hibernation  Hex/Ice        76%        N/A       1%          2
 Poisonous Vapours        Pois/Air       76%        N/A       1%          2
 Scorch                   Fire           76%        2d9       1%          2
 Static Discharge         Conj/Air       62%        N/A       1%          2
 Wereblood                Tmut           44%        N/A       1%          2
 Confusing Touch          Hex            38%        N/A       1%          3
 Dazzling Flash           Conj/Hex       100%       N/A       1%          3
 Frozen Ramparts          Ice            76%        1d9       1%          3
 Gell's Gravitas          Tloc           38%        N/A       1%          3
 Lesser Beckoning         Tloc           38%        N/A       1%          3
 Ozocubu's Armour         Ice            38%        N/A       1%          3
 Spider Form              Tmut/Pois      41%        N/A       1%          3
 Swiftness                Air            38%        N/A       1%          3
 Teleport Other           Tloc           38%        N/A       1%          3
 Tukima's Dance           Hex            38%        N/A       1%          3
 Vampiric Draining        Necr           38%        2d8       1%          3
 Flame Wave               Conj/Fire      62%        2d12      1%          4
 Fulminant Prism          Conj/Hex       31%        3d16      1%          4
 Hailstorm                Conj/Ice       62%        3d13      1%          4
 Ice Form                 Ice/Tmut       41%        N/A       1%          4
 Iskenderun's Mystic Bla  Conj/Tloc      62%        2d13      1%          4
 Petrify                  Tmut/Erth      75%        N/A       1%          4
 Sticky Flame             Conj/Fire      62%        2d8       1%          4
 Summon Ice Beast         Ice/Summ       86%        N/A       1%          4
 Irradiate                Conj/Tmut      31%        3d23      1%          5
 Lee's Rapid Deconstruct  Erth           48%        3d24*     1%          5
 Lightning Bolt           Conj/Air       31%        1d48      1%          5
 Spellforged Servitor     Conj/Summ      49%        N/A       1%          7
 Airstrike                Air            19%        N/A       2%          4
 Anguish                  Hex/Necr       19%        N/A       2%          4
 Dispel Undead            Necr           38%        3d16      2%          4
 Olgreb's Toxic Radiance  Pois           38%        N/A       2%          4
 Passage of Golubria      Tloc           38%        N/A       2%          4
 Haunt                    Necr/Summ      43%        N/A       2%          7
 Blade Hands              Tmut           22%        N/A       4%          5
 Yara's Violent Unravell  Hex/Tmut       20%        3d9       5%          5
 Agony                    Necr           38%        N/A       6%          5
 Metabolic Englaciation   Hex/Ice        19%        N/A       6%          5
 Silence                  Hex/Air        19%        N/A       6%          5
 Starburst                Conj/Fire      31%        6d9       7%          6
 Orb of Destruction       Conj           39%        9d11      8%          7
 Eringya's Noxious Bog    Tmut/Pois      20%        N/A       30%         6
 Death Channel            Necr           19%        N/A       34%         6
 Simulacrum               Ice/Necr       19%        N/A       34%         6
 Shatter                  Erth           48%        3d37*     58%         9
 Enfeeble                 Hex            19%        N/A       88%         7
 Ozocubu's Refrigeration  Ice            19%        4d8       88%         7
 Borgnjor's Revivificati  Necr           19%        N/A       100%        8
 Maxwell's Capacitive Co  Air            19%        ∞         100%        8
 Necromutation            Tmut/Necr      20%        N/A       100%        8
 Chain Lightning          Conj/Air       31%        3d41      100%        9
 Death's Door             Necr           19%        N/A       100%        9
 Fire Storm               Conj/Fire      31%        8d8       100%        9
 Sublimation of Blood     Necr           Unusable   N/A       N/A         2

Dungeon Overview and Level Annotations

Branches:
Dungeon (15/15)            Temple (0/1) D:7            Lair (6/6) D:8
 Shoals (4/4) Lair:4       Spider (4/4) Lair:2        Slime (5/5) Lair:5
    Orc (2/2) D:9             Elf (3/3) Orc:2        Vaults (5/5) D:13
  Crypt (0/3) Vaults:3     Depths (4/4) D:15            Zot (5/5) Depths:4

Altars:
Ashenzari
Dithmenos
Gozag
Hepliaklqana
Kikubaaqudgha
Nemelex Xobeh
Okawaru
Qazlal
Ru
Trog
Wu Jian
Xom
Yredelemnul
Zin

Shops:
D:4 !   D:13 [   Orc:1 *   Orc:2 ((?:   Elf:1 :   Elf:2 :   Elf:3 ![
Shoals:2 =   Vaults:2 *   Vaults:3 (   Depths:1 (=:=   Depths:3 *

Portals:
Hell: Depths:1 Depths:2 Depths:3 Depths:4
Abyss: Depths:3 Depths:4
Pandemonium: Depths:2
Ziggurat: Depths:3
Trove: D:13 (give 2 scrolls of acquirement)


Innate Abilities, Weirdness & Mutations

You are immune to sickness and miasma.
Your stone body is resilient. (AC +20)
You are immune to poison.
Your large and strong wings let you fly.
You resist negative energy. (rN+)
You are resistant to electric shocks. (rElec)
You are resistant to unholy torment.
You are immune to petrification.
You have sharp toenails.
Your body sometimes deteriorates upon taking damage.
You are somewhat resistant to further mutation.
You occasionally shout uncontrollably at your foes.
Your spells are a little easier to cast, but a little less powerful.


Message History

Your golden dragon tramples the orb of fire but does no damage.
Your storm dragon disappears in a puff of smoke!
Your fire dragon disappears in a puff of smoke!
Your large abomination barely misses the orb of fire.
The dread lich mumbles some strange words.
Send 'em back where they came from!
Your golden dragon disappears in a puff of smoke!
Your large abomination disappears in a puff of smoke!
Your shadow dragon dissolves into shadows!
Your large abomination disappears in a puff of smoke! x2
Your quicksilver dragon dissolves into shadows!
Your golden dragon disappears in a puff of smoke!
Your moth of wrath dissolves into shadows!
Your golden dragon disappears in a puff of smoke!
The orb of fire emits a lurid red light.
The bolt of fire hits you!! You resist.
Your golden dragon closely misses the orb of fire.
Your golden dragon misses the orb of fire.
Your golden dragon closely misses the orb of fire.
The black draconian knight breathes lightning at you.
The bolt of lightning hits the orb of fire.
The orb of fire completely resists.
The bolt of lightning hits you! You resist.
* * * LOW HITPOINT WARNING * * *
A shadow dragon comes into view.
The orb of fire glows yellow.
The fireball explodes!
The fireball engulfs you! You resist.
* * * LOW HITPOINT WARNING * * *
The dread lich points at you and mumbles some strange words.
You shrug off the repeated paralysis!
The orb of fire glows bright magenta.
Strange energies course through your body.
You feel yourself wasting away.
An Orb Guardian comes into view.
Your golden dragon closely misses the orb of fire.
Your golden dragon claws the orb of fire!
Your golden dragon tramples the orb of fire but does no damage.
The orb of fire glows bright magenta.
The bolt of fire hits you!! You resist.
You die...
Your body crumbles into a pile of gold.

#....# #......#...#
####.########▓▓▓▓#######
............# ##....^..
...........# ##.../.....
...........# ##........[..
..........## #.......[....
..........# #..^..^.^....
..........## #.....§......
...........# #.@...L.§§...
...........## #.....*§.§...
............###.^.$..§§§...
##########...###....$§qD...
##....##^...§*....
###........D*X...
#▓▓▓▓▓▓▓▓▓▓▓##.


You could see 3 orbs of fire, a shadow dragon, a black draconian knight (fast),
a dread lich (fast), an Orb Guardian and a friendly golden dragon (summoned,
misshapen).

Vanquished Creatures
  A curse toe (Zot:3)
  Mlioglotl (Spider:1)
  2 tentacled monstrosities
  A walking crystal tome (Depths:1)
  An Orb Guardian (Zot:5)
  2 quicksilver dragons
  3 acid blobs
  A kraken (Shoals:3)
  A shadow dragon (Zot:3)
  2 deep elf sorcerers (Elf:3)
  A rockslime (Slime:5)
  A vault warden (Vaults:4)
  3 ghost moths
  2 deep elf elementalists (Elf:3)
  A draconian annihilator (Zot:3)
  7 ironbound preservers
  3 very ugly things
  2 deep elf demonologists (Elf:3)
  A stone giant (Depths:1)
  A spark wasp (Depths:1)
  3 deep elf annihilators
  A purple draconian (Zot:3)
  A red draconian (Zot:2)
  A white draconian (Zot:2)
  A merfolk javelineer (Shoals:4)
  An ettin (Depths:1)
  3 yaktaur captains
  4 vault guards
  2 boulder beetles
  2 ironbound frosthearts
  3 two-headed ogres
  A spriggan air mage (Depths:1)
  A death yak (Shoals:3)
  3 merfolk aquamancers
  A deep troll shaman (Depths:2)
  A hell knight (Depths:3)
  5 deep elf knights
  A sixfirhy (Depths:2)
  2 iron trolls
  A sun demon (Shoals:4)
  A pharaoh ant (Spider:4)
  6 sea snakes
  4 orb spiders
  2 steelbarb worms (Spider:4)
  14 deep trolls
  4 deep elf archers
  3 lindwurms
  An ironbound convoker (Vaults:3)
  5 harpies
  2 necromancers
  2 wizards
  4 deep elf pyromancers
  6 deep elf zephyrmancers
  A cyclops (D:15)
  A human zombie (Vaults:3)
  2 orc knights
  A salamander (Depths:1)
  A wolf spider (Spider:2)
  A manticore (Shoals:3)
  20 ugly things
  2 black mambas
  5 moths of wrath
  3 elephants (Lair:5)
  5 vault sentinels
  A gargoyle (D:12)
  4 water nymphs
  An orange demon (Depths:2)
  A torpor snail (Spider:3)
  6 cane toads
  2 tengu conjurers (Depths:1)
  4 yaktaurs
  An ice devil (D:11)
  6 komodo dragons
  2 merfolk
  A wind drake (shapeshifter) (Vaults:5)
  A polar bear (Lair:3)
  2 trolls
  3 hornets
  4 tarantellas
  13 blink frogs
  15 slime creatures
  4 dream sheep
  A snapping turtle (Shoals:4)
  2 large abominations (D:14)
  A jumping spider (Spider:3)
  A culicivora (Spider:2)
  A spriggan (Lair:6)
  4 water elementals
  2 wraiths
  3 wyverns
  2 fire elementals
  10 yaks
  6 nameless horrors
  2 basilisks
  11 redbacks
  2 golden eyes
  A steam dragon (D:9)
  3 vampire mosquitoes (D:11)
  Menkaure (D:6)
  2 wargs (Orc:2)
  An acid dragon (D:8)
  A hell hound (D:13)
  17 water moccasins
  9 orc warriors
  4 sky beasts
  2 ice beasts
  2 ogres
  5 black bears
  3 wolves (Lair:6)
  A boggart (Vaults:1)
  3 centaurs
  2 kobold brigands
  15 bullfrogs
  2 necrophages
  3 scorpions
  4 wights
  4 killer bees
  4 howler monkeys
  An electric eel (D:7)
  A crimson imp (D:14)
  4 hounds
  5 jellies
  16 orc priests
  2 gnoll shamans (D:8)
  5 iguanas
  15 orc wizards
  12 gnolls
  4 adders
  2 shadow imps (D:7)
  An ufetubus (D:6)
  A worm (D:2)
  4 dart slugs
  62 orcs
  5 ball pythons
  15 endoplasms
  7 giant cockroaches
  6 goblins
  9 hobgoblins
  5 jackals
  21 kobolds
  4 quokkas
  4 bats
  A frilled lizard (D:2)
  4 rats
595 creatures vanquished.

Vanquished Creatures (collateral kills)
  the Royal Jelly (Slime:5)
  A dread lich (Zot:5)
  2 orbs of fire
  Vv (Depths:4)
  Parghit (Depths:3)
  Boris (twice) (Depths:3 Depths:4)
  A curse toe (Zot:1)
  Nikola (Shoals:4)
  6 golden dragons
  The ghost of Weosaxue the Earth Mage, an adept GrEE of Vehumet (Vaults:3)
  8 Orb Guardians (Zot:5)
  A walking earthen tome (Depths:2)
  16 tentacled monstrosities
  4 liches
  2 deep elf blademasters (Elf:3)
  8 titans
  A deep elf master archer (Elf:3)
  8 sphinxes
  3 quicksilver dragons
  27 acid blobs
  12 death cobs
  Polyphemus (Shoals:3)
  Frances (Spider:1)
  2 krakens
  4 tengu reavers
  14 storm dragons
  9 draconian monks
  10 shadow dragons
  Donald (Orc:2)
  8 azure jellies
  6 rockslimes
  10 frost giants
  12 fire giants
  4 draconian knights
  4 iron dragons
  5 emperor scorpions
  An orc warlord (Vaults:1)
  15 vault wardens
  A balrug (Depths:1)
  8 ghost moths
  Louise (Shoals:1)
  A deep elf sorcerer (Elf:3)
  4 deep elf elementalists
  6 draconian scorchers
  6 draconian shifters
  9 ironbound preservers
  5 draconian stormcallers
  6 quicksilver oozes
  2 draconian annihilators
  24 very ugly things
  3 broodmothers
  2 ironbound thunderhulks (Vaults:4)
  10 stone giants
  A spriggan defender (Depths:2)
  5 deep elf demonologists
  3 vampire knights
  4 war gargoyles
  13 red draconians
  11 green draconians
  Azrael (D:13)
  12 white draconians
  4 deep elf annihilators (Elf:3)
  4 dire elephants (Vaults:3)
  4 entropy weavers
  10 black draconians
  8 purple draconians
  A lorocyproca (Depths:2)
  21 yellow draconians
  10 spark wasps
  4 deep elf death magi
  17 ettins
  8 merfolk javelineers
  16 merfolk impalers
  3 crystal guardians
  6 fire dragons
  6 great orbs of eyes
  Josephine (Orc:1)
  5 deep elf high priests
  9 boulder beetles
  Erolcha (D:10)
  6 yaktaur captains
  2 ice dragons
  A rakshasa (Depths:2)
  A jorogumo (Spider:3)
  37 vault guards
  2 merfolk avatars (Shoals:4)
  3 catoblepae
  A spriggan air mage (Depths:1)
  4 radroaches
  3 peacekeepers
  4 centaur warriors
  4 ogre magi
  3 hydras
  12 ironbound frosthearts
  3 satyrs
  6 tengu warriors
  8 deep troll shamans
  A satyr (shapeshifter) (Depths:2)
  9 two-headed ogres
  3 merfolk aquamancers
  19 dancing weapons
  A hell hog (Depths:1)
  9 deep troll earth magi
  A spriggan berserker (Depths:4)
  3 vampire magi
  A shock serpent (shapeshifter) (Elf:1)
  4 soul eaters
  2 death yaks (Shoals:3)
  3 orc high priests
  4 sun demons
  4 hell knights
  18 deep elf knights
  14 iron trolls
  2 salamander mystics (Depths:1)
  A fire crab (Lair:6)
  5 skeletal warriors (D:15)
  5 steelbarb worms
  A shadow wraith (Vaults:5)
  3 sun moths
  A golden dragon zombie (D:15)
  9 sea snakes
  4 pharaoh ants
  39 deep trolls
  A flayed ghost (Depths:3)
  A glowing orange brain (Slime:5)
  9 orb spiders
  5 phantasmal warriors
  14 ironbound convokers
  8 deep elf archers
  6 wizards
  18 deep elf pyromancers
  A lindwurm (shapeshifter) (Vaults:5)
  6 lindwurms
  2 sphinx zombies
  10 orc knights
  35 ugly things
  14 harpies
  15 deep elf zephyrmancers
  3 necromancers
  4 oklob plants (Zot:4)
  19 wolf spiders
  3 orc sorcerers
  5 shining eyes
  5 salamanders (Depths:1)
  6 manticores
  A fire giant skeleton (Vaults:1)
  9 cyclopes
  28 moths of wrath
  6 fauns
  A guardian serpent (shapeshifter) (Vaults:1)
  7 water nymphs
  3 elephants (Lair:5)
  6 black mambas
  7 merfolk sirens
  A titan simulacrum (Vaults:3)
  4 eyes of devastation
  9 vault sentinels
  10 cane toads
  2 gargoyles
  A molten gargoyle (Depths:1)
  3 torpor snails
  A yaktaur zombie (Vaults:2)
  2 unseen horrors
  7 nameless horrors
  A kobold demonologist (D:11)
  A freezing wraith (Vaults:1)
  4 komodo dragons
  An ice devil (D:11)
  A yaktaur skeleton (Vaults:4)
  A rime drake (shapeshifter) (Depths:4)
  A rime drake (Lair:2)
  5 yaktaurs
  A hellwing (Depths:2)
  3 demonic crawlers
  2 tengu conjurers
  A queen bee (Lair:3)
  41 merfolk
  5 polar bears
  2 human skeletons (Vaults:4)
  9 hornets
  A troll (D:12)
  3 wind drakes
  4 blink frogs
  A hornet (shapeshifter) (Vaults:5)
  A tengu simulacrum (Vaults:4)
  21 dream sheep
  9 tarantellas
  A human simulacrum (Vaults:1)
  A spriggan zombie (D:15)
  3 large abominations (D:14)
  65 slime creatures
  10 snapping turtles
  A stone giant simulacrum (Vaults:4)
  An ettin zombie (Vaults:2)
  2 air elementals
  9 spriggans (Lair:6)
  16 culicivoras
  23 jumping spiders
  A shadow (D:10)
  20 water elementals
  A ynoxinul (Depths:2)
  4 wraiths
  2 wyverns
  A vampire (D:11)
  15 golden eyes
  6 fire elementals
  20 yaks
  5 basilisks
  44 redbacks
  An elf skeleton (Vaults:3)
  A neqoxec (Depths:2)
  2 vampire mosquitoes (D:12)
  A redback (shapeshifter) (Vaults:5)
  6 wargs
  3 human zombies
  3 hell hounds (D:13)
  A floating eye (shapeshifter) (Vaults:5)
  3 water moccasins
  A floating eye (Depths:2)
  16 orc warriors
  7 black bears
  9 boggarts
  6 ogres
  22 wolves
  A kobold brigand (D:11)
  A bullfrog (Lair:5)
  A gnoll sergeant (D:12)
  An earth elemental (Elf:2)
  7 small abominations (D:14)
  22 killer bees
  5 electric eels
  3 howler monkeys
  9 jellies (Zot:4)
  11 orc priests
  14 orc wizards
  4 hell rats (Lair:3)
  4 gnolls
  6 adders (Lair:4)
  31 orcs
  A kobold (D:11)
  9 tentacles
1636 creatures vanquished.

Vanquished Creatures (others)
  2 tentacled monstrosities (Zot:4)
  3 eldritch tentacles
  2 sphinxes
  A draconian monk (Zot:3)
  4 draconian scorchers (Zot:4)
  A vault warden (Vaults:3)
  An orc warlord (Vaults:1)
  A deep elf elementalist (Elf:3)
  A draconian stormcaller (Zot:4)
  5 ironbound preservers
  A draconian annihilator (Zot:3)
  2 draconian shifters
  A very ugly thing (Vaults:4)
  A white draconian (Zot:3)
  5 black draconians
  A deep elf demonologist (Vaults:2)
  5 yellow draconians
  2 purple draconians
  A red draconian (Zot:4)
  3 great orbs of eyes
  2 yaktaur captains (Vaults:4)
  A boulder beetle (Vaults:3)
  3 ironbound frosthearts
  A merfolk avatar (Shoals:4)
  8 dancing weapons
  18 deep trolls
  A glowing orange brain (Vaults:1)
  3 wizards
  5 ironbound convokers
  2 necromancers
  An oklob plant (Zot:4)
  8 vault sentinels
  7 yaktaurs
  3 merfolk
  5 slime creatures (Vaults:4)
  2 water elementals
  3 boggarts (Vaults:3)
  4 jellies (Zot:4)
  102 fungi
  275 plants
  10 snaplasher vines
  19 tentacles
  9 toadstools (D:4)
  13 withered plants
548 creatures vanquished.

Grand Total: 2779 creatures vanquished

Notes
Turn   | Place    | Note
-------+----------+-------------------------------------------
     0 | D:1      | Bruhh the Gargoyle Earth Elementalist began the quest for
                  | the Orb.
     0 | D:1      | Reached XP level 1. HP: 10/10 MP: 3/3
   314 | D:1      | Reached XP level 2. HP: 15/15 MP: 1/5
   452 | D:1      | Found a faded altar of an unknown god.
   761 | D:1      | Reached XP level 3. HP: 19/19 MP: 2/6
  1581 | D:2      | Reached skill level 5 in Earth Magic
  1656 | D:2      | Reached XP level 4. HP: 24/24 MP: 4/8
  1660 | D:2      | Learned a level 3 spell: Stone Arrow
  2071 | D:3      | Found a stormy altar of Qazlal.
  2212 | D:3      | Found an iron altar of Okawaru.
  2212 | D:3      | Found a hazy altar of Hepliaklqana.
  2212 | D:3      | Found an opulent altar of Gozag.
  2224 | D:3      | Reached skill level 1 in Conjurations
  2225 | D:3      | Became a worshipper of Gozag Ym Sagoz the Greedy
  2861 | D:4      | Reached XP level 5. HP: 28/28 MP: 8/10
  3601 | D:4      | Reached XP level 6. HP: 32/32 MP: 3/11
  3836 | D:4      | Found Offooll's Distillery.
  3905 | D:5      | Entered Level 5 of the Dungeon
  4010 | D:5      | Identified the +12 war axe "Putatant" {drain, Str-4 Int+9}
  4095 | D:5      | Reached skill level 5 in Conjurations
  4095 | D:5      | Reached XP level 7. HP: 36/36 MP: 8/13
  4650 | D:5      | Reached skill level 5 in Spellcasting
  5458 | D:6      | Reached XP level 8. HP: 41/41 MP: 15/17
  5520 | D:6      | Noticed Menkaure
  5525 | D:6      | Killed Menkaure
  6268 | D:6      | Found a bloodstained altar of Trog.
  6351 | D:6      | Noticed a yak
  6352 | D:6      | Noticed a yak
  6353 | D:6      | Noticed a yak
  6367 | D:6      | Killed a yak
  6368 | D:6      | Reached skill level 1 in Fighting
  6381 | D:6      | Killed a yak
  6388 | D:6      | Killed a yak
  6699 | D:5      | Identified a scroll of acquirement
  6702 | D:5      | Acquired a staff of conjuration
  6818 | D:6      | Found a sacrificial altar of Ru.
  6853 | D:6      | Reached skill level 5 in Fighting
  6853 | D:6      | Reached XP level 9. HP: 18/54 MP: 11/21
  7664 | D:7      | Noticed a hornet
  7667 | D:7      | Killed a hornet
  8114 | D:7      | Found a staircase to the Ecumenical Temple.
  8332 | D:7      | Found a broken altar of Ashenzari.
  8798 | D:8      | Reached skill level 1 in Shields
  9115 | D:8      | Reached XP level 10. HP: 68/68 MP: 8/22
  9250 | D:8      | Reached skill level 10 in Fighting
  9384 | D:8      | Reached skill level 5 in Shields
  9584 | D:8      | Found a staircase to the Lair.
 10511 | D:9      | Found a staircase to the Orcish Mines.
 10940 | D:9      | Learned a level 4 spell: Summon Ice Beast
 10974 | D:9      | Reached skill level 1 in Summonings
 11033 | D:9      | Found a shimmering altar of Xom.
 11351 | D:9      | Found a sparkling altar of Nemelex Xobeh.
 11532 | Lair:1   | Entered Level 1 of the Lair of Beasts
 11842 | Lair:1   | Reached XP level 11. HP: 72/72 MP: 19/23
 11847 | Lair:1   | Reached skill level 5 in Summonings
 12642 | Lair:1   | Noticed an eight-headed hydra
 12649 | Lair:1   | Killed an eight-headed hydra
 13487 | Lair:2   | Learned a level 6 spell: Summon Cactus Giant
 13702 | Lair:2   | Identified the +7 dagger of Gen Cumo {vorpal, rF+ rN++
                  | rCorr}
 13937 | Lair:2   | Noticed a nameless horror
 14345 | Lair:2   | Reached XP level 12. HP: 77/77 MP: 14/24
 14414 | Lair:2   | Found a hole to the Spider Nest.
 14671 | Lair:2   | Found a shimmering altar of Xom.
 15228 | Lair:3   | Reached skill level 10 in Summonings
 15234 | Lair:3   | Learned a level 5 spell: Summon Mana Viper
 16586 | Lair:3   | Reached skill level 10 in Spellcasting
 17311 | Lair:4   | Learned a level 7 spell: Monstrous Menagerie
 17678 | Lair:4   | Found a staircase to the Shoals.
 17889 | Lair:4   | Reached XP level 13. HP: 82/82 MP: 21/27
 18404 | Lair:4   | You fall into a shaft and drop 2 floors!
 18404 | Lair:6   | Entered Level 6 of the Lair of Beasts
 19988 | Lair:5   | Found a staircase to the Slime Pits.
 20197 | Lair:5   | Reached skill level 10 in Shields
 20197 | Lair:5   | Reached skill level 1 in Evocations
 21326 | Lair:6   | Gained mutation: Your large and strong wings let you fly.
                  | [Gargoyle growth]
 21326 | Lair:6   | Reached XP level 14. HP: 90/90 MP: 10/28
 21549 | Lair:6   | Reached skill level 5 in Evocations
 22290 | Orc:1    | Entered Level 1 of the Orcish Mines
 22304 | Orc:1    | Noticed Josephine
 22317 | Orc:1    | Killed Josephine
 22406 | Orc:1    | Found a bloodstained altar of Trog.
 22687 | Orc:1    | Found Hiqa's Overcharged Wands.
 22729 | Orc:1    | Bought a wand of iceblast (18) for 330 gold pieces
 22729 | Orc:1    | Bought a wand of acid (18) for 660 gold pieces
 22729 | Orc:1    | Bought a wand of iceblast (18) for 330 gold pieces
 22863 | Orc:2    | Entered Level 2 of the Orcish Mines
 24340 | Orc:2    | Found Gieji's Book Shop.
 24340 | Orc:2    | Found Domn's Weapon Emporium.
 24342 | Orc:2    | Found Deudogi's Magic Scroll Shop.
 24342 | Orc:2    | Found Adushrunk's Weapon Emporium.
 24482 | Orc:2    | Found a staircase to the Elven Halls.
 24517 | Orc:2    | Bought a scroll of teleportation for 51 gold pieces
 24517 | Orc:2    | Bought a scroll of amnesia for 59 gold pieces
 24517 | Orc:2    | Bought a scroll of teleportation for 51 gold pieces
 24517 | Orc:2    | Bought a scroll of teleportation for 51 gold pieces
 24557 | Orc:2    | Noticed Donald
 24568 | Orc:2    | Killed Donald
 26087 | Shoals:1 | Entered Level 1 of the Shoals
 26104 | Shoals:1 | Noticed a kraken
 26110 | Shoals:1 | Killed a kraken
 26528 | Shoals:1 | Noticed Louise
 27454 | Shoals:1 | Killed Louise
 27456 | Shoals:1 | Reached XP level 15. HP: 84/94 MP: 5/30
 29377 | Shoals:2 | Reached skill level 10 in Evocations
 31028 | Shoals:3 | Noticed Polyphemus
 31402 | Shoals:3 | Noticed a kraken
 31423 | Shoals:3 | Killed a kraken
 31702 | Shoals:2 | Bought the amulet of Norroif {Reflect rElec Int+5 SH+5} for
                  | 817 gold pieces
 33016 | Shoals:3 | Reached skill level 15 in Fighting
 33094 | Shoals:3 | Reached skill level 1 in Armour
 33094 | Shoals:3 | Reached XP level 16. HP: 108/108 MP: 18/32
 33875 | Shoals:3 | Killed Polyphemus
 34520 | D:4      | Bought a potion of magic for 88 gold pieces
 34520 | D:4      | Bought a potion of heal wounds for 55 gold pieces
 34520 | D:4      | Bought a potion of brilliance for 44 gold pieces
 34520 | D:4      | Bought a potion of brilliance for 44 gold pieces
 34520 | D:4      | Bought a potion of resistance for 110 gold pieces
 34520 | D:4      | Bought 2 potions of curing for 66 gold pieces
 34782 | Shoals:4 | Entered Level 4 of the Shoals
 34838 | Shoals:4 | Reached skill level 5 in Armour
 35238 | Shoals:4 | Noticed Nikola
 37940 | D:10     | Entered Level 10 of the Dungeon
 38168 | D:10     | Noticed Erolcha
 38173 | D:10     | Killed Erolcha
 38245 | D:10     | Found an ornate altar of the Wu Jian Council.
 40698 | D:12     | Reached skill level 10 in Armour
 41790 | D:13     | Noticed Azrael
 42219 | D:13     | Killed Azrael
 42794 | D:13     | Found a gate to the Vaults.
 43073 | D:13     | Found a portal to a secret trove of treasure.
 43088 | D:13     | Found Ypybrod's Armour Emporium.
 43124 | D:13     | Bought a scarf of repulsion for 144 gold pieces
 43124 | D:13     | Bought the +0 ring mail of Life {rPois rF+ Dex+4} for 367
                  | gold pieces
 43953 | D:14     | Reached XP level 17. HP: 78/113 MP: 20/33
 44578 | D:14     | You are sucked into a shaft and drop 1 floor!
 44578 | D:15     | Entered Level 15 of the Dungeon
 45389 | D:14     | Identified the +10 mace "Qeafuaxe" {antimagic, Drain rCorr
                  | Dex+2}
 46043 | D:15     | Found a staircase to the Depths.
 46228 | D:15     | HP: 3/113 [skeletal warrior/+0 trident (22)]
 46376 | D:15     | Reached skill level 5 in Dodging
 46877 | D:15     | Found a sparkling altar of Nemelex Xobeh.
 47103 | Depths:1 | Entered Level 1 of the Depths
 47131 | Depths:1 | Noticed a sphinx
 47148 | Depths:1 | Paralysed by a vampire knight for 2 turns
 48052 | Shoals:1 | Gained mutation: You have supernaturally acute eyesight.
                  | (SInv) [potion of mutation]
 48052 | Shoals:1 | Gained mutation: You sometimes lose the ability to read
                  | scrolls when taking damage. [potion of mutation]
 48052 | Shoals:1 | Gained mutation: Your flesh is cold resistant. (rC+)
                  | [potion of mutation]
 48053 | Shoals:1 | Lost mutation: You have supernaturally acute eyesight.
                  | (SInv) [potion of mutation]
 48053 | Shoals:1 | Lost mutation: Your flesh is cold resistant. (rC+) [potion
                  | of mutation]
 48053 | Shoals:1 | Lost mutation: You sometimes lose the ability to read
                  | scrolls when taking damage. [potion of mutation]
 48053 | Shoals:1 | Gained mutation: Armour fits poorly on your strangely
                  | shaped body. [potion of mutation]
 48053 | Shoals:1 | Gained mutation: You have sharp toenails. [potion of
                  | mutation]
 48053 | Shoals:1 | Gained mutation: You are partially covered in iridescent
                  | scales. (AC +2) [potion of mutation]
 48054 | Shoals:1 | Lost mutation: Armour fits poorly on your strangely shaped
                  | body. [potion of mutation]
 48054 | Shoals:1 | Lost mutation: You are partially covered in iridescent
                  | scales. (AC +2) [potion of mutation]
 48054 | Shoals:1 | Gained mutation: You are somewhat resistant to further
                  | mutation. [potion of mutation]
 49075 | Shoals:4 | Got a barnacled rune of Zot
 49455 | Shoals:4 | Killed Nikola
 50134 | Shoals:4 | Reached XP level 18. HP: 53/119 MP: 12/34
 51537 | Elf:1    | Entered Level 1 of the Elven Halls
 52172 | Elf:1    | Learned a level 5 spell: Irradiate
 52960 | Elf:1    | Found a shimmering altar of Xom.
 53912 | Elf:1    | Found Vocled's One-of-a-Kind Books.
 53928 | Elf:1    | Noticed a Hell Sentinel
 54780 | Elf:1    | Bought the Collected Works on Ashen Conjuration for 800
                  | gold pieces
 55151 | Spider:1 | Entered Level 1 of the Spider Nest
 55396 | Vaults:1 | Entered Level 1 of the Vaults
 56387 | Vaults:1 | Reached skill level 10 in Dodging
 57921 | Vaults:1 | Reached XP level 19. HP: 94/124 MP: 21/35
 58986 | Vaults:2 | Found Qoreateo's Assorted Antiques.
 59083 | Vaults:1 | Learned a level 5 spell: Lee's Rapid Deconstruction
 59448 | Vaults:1 | Learned a level 6 spell: Death Channel
 61734 | Vaults:3 | Found Luk Cic's Weapon Shoppe.
 61836 | Vaults:3 | Found a runed translucent door.
 61836 | Vaults:3 | Noticed Weosaxue's ghost (adept GrEE)
 62773 | Vaults:3 | Reached skill level 10 in Earth Magic
 63514 | Vaults:3 | Found a staircase to the Crypt.
 63514 | Vaults:3 | Found a basalt altar of Yredelemnul.
 63514 | Vaults:3 | Found an ancient bone altar of Kikubaaqudgha.
 64584 | Vaults:3 | Killed Weosaxue's ghost
 65024 | Vaults:4 | Found a flickering gateway to a bazaar.
 65037 | Bazaar   | Entered a bazaar
 65054 | Bazaar   | Found Ottil's Antique Weapon Shop.
 65065 | Bazaar   | Found Ecuirerph's Magic Scroll Shoppe.
 65073 | Bazaar   | Bought a scroll of teleportation for 27 gold pieces
 65073 | Bazaar   | Bought a scroll of blinking for 67 gold pieces
 65073 | Bazaar   | Bought a scroll of blinking for 67 gold pieces
 65073 | Bazaar   | Bought a scroll of enchant armour for 67 gold pieces
 65073 | Bazaar   | Bought a scroll of teleportation for 27 gold pieces
 65073 | Bazaar   | Bought a scroll of enchant armour for 67 gold pieces
 65073 | Bazaar   | Bought a scroll of teleportation for 27 gold pieces
 65077 | Bazaar   | Found Tezuinic's Book Emporium.
 65085 | Bazaar   | Bought a Fen Folio for 546 gold pieces
 65375 | Vaults:4 | Reached XP level 20. HP: 111/129 MP: 21/36
 65527 | Vaults:4 | Learned a level 5 spell: Summon Forest
 65535 | Vaults:4 | Learned a level 7 spell: Summon Hydra
 68330 | Spider:1 | Noticed Frances
 68335 | Spider:1 | Killed Frances
 69343 | Depths:1 | Reached skill level 15 in Summonings
 70678 | Depths:1 | Found Duempisu's Jewellery Emporium.
 70680 | Depths:1 | Found Foqaotaus's Book Shop.
 70681 | Depths:1 | Found Juluom Kyrph's Jewellery Emporium.
 70687 | Depths:1 | Bought the ring "Lachiethe" {Drain +Blink rC+++ Int+6
                  | Stlth+} for 1756 gold pieces
 70696 | Depths:1 | Bought Sif Muna's Incunabulum of Shape Shifting and
                  | Companions for 640 gold pieces
 70790 | Depths:1 | Found a glowing silver altar of Zin.
 71337 | Depths:1 | Found a gateway to Hell.
 74330 | Elf:2    | Reached XP level 21. HP: 80/134 MP: 15/38
 74839 | Elf:2    | Found a runed translucent gate.
 74840 | Elf:2    | Found a runed translucent gate.
 74840 | Elf:2    | Found a runed translucent gate.
 74860 | Elf:2    | Found Xubasav's Book Emporium.
 75022 | Elf:2    | Paralysed by an air elemental for 1 turns
 77183 | Elf:3    | Entered Level 3 of the Elven Halls
 78699 | Elf:3    | Found Zecufiac's Armour Shoppe.
 78707 | Elf:3    | Found Reharr's Distillery.
 78711 | Elf:3    | Bought a potion of heal wounds for 75 gold pieces
 78711 | Elf:3    | Bought a potion of heal wounds for 75 gold pieces
 78711 | Elf:3    | Bought a potion of curing for 45 gold pieces
 78711 | Elf:3    | Bought a potion of haste for 150 gold pieces
 78865 | Elf:3    | Reached skill level 15 in Spellcasting
 79819 | Elf:3    | Identified the ring "Bioxt" {Ice rElec rN+ Str-4 Dex+8}
 79882 | Elf:3    | Identified the ring "Paonaha" {rF++ MP+9 EV+4 Int-2 Dex+4}
 80156 | Elf:3    | Identified the +10 whip "Timis" {vorpal, Str+3 Int+4}
 80279 | Elf:3    | Identified the +1 robe "Goxzo" {SInv}
 80279 | Elf:3    | Identified the ring of Voycs {Fire Dex-5 Slay+5}
 80285 | Elf:3    | Identified the +3 dagger of Hepliaklqana, Crafting {spect,
                  | Str+3}
 80375 | Elf:3    | Got the Tome of Creative Evil
 80381 | Elf:3    | Got Xah Xic's Disquisition on Evil and Transmutation
 80402 | Elf:3    | Identified the +0 scale mail of the Wasteland {Harm Str-5
                  | Dex+6}
 80944 | Spider:1 | Noticed Mlioglotl
 80953 | Spider:1 | Killed Mlioglotl
 82475 | Spider:1 | Identified the +4 robe of Xeqaoc Fuff {rPois rN+++ Int-3
                  | Archmagi}
 83324 | Spider:2 | Reached XP level 22. HP: 140/140 MP: 39/41
 85114 | Spider:3 | Learned a level 9 spell: Dragon's Call
 85866 | Spider:4 | Entered Level 4 of the Spider Nest
 86613 | Spider:4 | Acquired the +0 pair of gloves of Temperance {Regen+}
 87987 | Spider:4 | Got a gossamer rune of Zot
 88229 | Slime:1  | Entered Level 1 of the Pits of Slime
 89946 | Slime:3  | Gained mutation: You occasionally shout uncontrollably at
                  | your foes. [a shining eye]
 91499 | Slime:4  | Gained mutation: Your spells are a little easier to cast,
                  | but a little less powerful. [a shining eye]
 91703 | Slime:5  | Entered Level 5 of the Pits of Slime
 92037 | Slime:5  | Reached XP level 23. HP: 143/144 MP: 32/42
 92080 | Slime:5  | Noticed the Royal Jelly
 92088 | Slime:5  | Killed the Royal Jelly
 92488 | Slime:5  | Got Bymalev's Compendium of Bewitching Stolen Souls
 92522 | Slime:5  | Got a slimy rune of Zot
 92523 | Slime:5  | Identified the +6 plate armour "Siocs" {Str+3}
 93776 | Vaults:5 | Entered Level 5 of the Vaults
 95365 | Vaults:5 | Learned a level 7 spell: Malign Gateway
 95497 | Vaults:5 | Identified the +5 dagger of Flawed Execution {elec, *Noise
                  | rPois rC+}
 95676 | Vaults:5 | Identified the ring "Viero" {rC+ rCorr Dex+4}
 95686 | Vaults:5 | Reached XP level 24. HP: 133/150 MP: 18/45
 95987 | Vaults:5 | Got a silver rune of Zot
 96718 | Vaults:5 | Identified the +1 chain mail of the Raven {Contam rF++}
 96966 | Vaults:5 | Identified the ring "Ecyad" {Str+6 Int+5}
 97430 | Vaults:5 | Learned a level 8 spell: Summon Horrible Things
 98470 | Depths:2 | Reached skill level 15 in Dodging
 98799 | Depths:2 | Identified the +2 dagger "Nadotom" {vorpal, rElec rC+
                  | Str+4}
 98805 | Depths:2 | Identified the +0 falchion "Killer Klown's Death" {freeze,
                  | *Rage Str+6 Stlth+}
 99414 | Depths:2 | Found a one-way gate leading to the halls of Pandemonium.
 99656 | Depths:3 | Noticed Parghit
100264 | Depths:3 | Found a one-way gateway to a ziggurat.
100308 | Depths:3 | Found a shadowy altar of Dithmenos.
100870 | Depths:3 | Found a one-way gate to the infinite horrors of the Abyss.
101063 | Depths:3 | Noticed Boris
101082 | Depths:3 | Killed Boris
101097 | Depths:3 | Reached skill level 15 in Armour
101303 | Depths:3 | Killed Parghit
101376 | Depths:3 | Bought a potion of heal wounds for 110 gold pieces
101720 | Depths:4 | Entered Level 4 of the Depths
101938 | Depths:4 | Noticed Boris
101952 | Depths:4 | Killed Boris
101955 | Depths:4 | Reached XP level 25. HP: 155/155 MP: 20/46
102784 | Depths:4 | Noticed Vv
102805 | Depths:4 | Killed Vv
103963 | Depths:4 | Found the ring of the Tortoise {AC+8}
104226 | Depths:4 | Found a gate to the Realm of Zot.
104320 | Zot:1    | Entered Level 1 of the Realm of Zot
105644 | Zot:2    | Acquired 973 gold pieces
105710 | Zot:2    | You are sucked into a shaft and drop 2 floors!
106803 | Zot:4    | Noticed an orb of fire
106959 | Zot:4    | Reached XP level 26. HP: 108/160 MP: 34/47
108146 | Zot:3    | Noticed an orb of fire
108597 | Zot:3    | Killed an orb of fire
108985 | Zot:3    | Identified the +5 falchion of Xom's Righteous Anger
                  | {antimagic, rF- rN++ Str+8}
111775 | Zot:4    | Killed an orb of fire
111910 | Zot:5    | Entered Level 5 of the Realm of Zot
112481 | Zot:5    | Reached XP level 27. HP: 176/176 MP: 18/48
112672 | Zot:5    | Noticed a dread lich
112679 | Zot:5    | Noticed an orb of fire
112680 | Zot:5    | Noticed a dread lich
112681 | Zot:5    | Killed a dread lich
112682 | Zot:5    | Noticed an orb of fire
112683 | Zot:5    | Noticed an orb of fire
112688 | Zot:5    | Paralysed by a dread lich for 4 turns
112690 | Zot:5    | Gained mutation: Your body sometimes deteriorates upon
                  | taking damage. [an orb of fire]
112690 | Zot:5    | Killed from afar by an orb of fire

Illustrated notes

Levels and vault maps discovered:
D:1:      dpeg_arrival_round_c, layout_loops_ring,
          shapermc_ecumenical_altar_notcrosses
D:2:      layout_rooms, minmay_split_cup_large
D:3:      layout_loops_ring, gammafunk_temple_overflow_forgotten,
          overflow_temple_1_default
D:4:      cheibrodos_fertilizer, layout_basic, serial_shops, shop_fountains,
          minmay_ruptured
D:5:      layout_basic, serial_bayou, serial_bayou_pond_d, serial_bayou_ford_a,
          serial_bayou_shore_b, serial_bayou_shore_a, serial_bayou_crossing,
          serial_bayou_pond_d
D:6:      layout_basic, nicolae_ru_path_of_blood,
          nicolae_overflow_hidden_temple, uniq_menkaure
D:7:      layout_loops_ring, cheibrodos_ashenzari_chains,
          minmay_temple_entry_junction, enter_bailey_6, grunt_ministairs_15,
          kennysheep_opposing_triangles
D:8:      layout_loops_cross, due_lair_maze_entry_diamond, grunt_ministairs_11,
          chequers_serial_rivers_micro_d
D:9:      layout_rooms, mainiacjoe_overflow_paths,
          lemuel_coloured_pillars_altar, erik_orc_4
D:10:     layout_cave_pods, general_overflow_altar, uniq_erolcha
D:11:     layout_roguey, portal_ice_cave_demonic_guard
D:12:     layout_roguey
D:13:     layout_roguey, erik_vaults_2, serial_shops, shop,
          nicolae_trove_entry_crystal, gauntlet_entry_generic, st_stairs_8,
          lemuel_old_faithful, uniq_azrael
D:14:     layout_basic, minmay_strange_pillars, hangedman_stone_soup, laboratory
D:15:     gammafunk_depths_entry_grave, layout_rooms, nemelex_altar_shiori
Lair:1:   layout_cave_shapes, infiniplex_staircase_pool_2
Lair:2:   layout_cave_pods, spider_nest_entry_funnel_web, basic_altar,
          beast_lair_carwin_5, lemuel_fruit_tree
Lair:3:   layout_layer_cave, special_room [special_room_bee],
          beast_lair_carwin_8
Lair:4:   minmay_lair_venomous_thicket, layout_hall_layers,
          elwin_shoals_entry_rooms
Lair:5:   layout_cave_pods, slime_dummy, minivault_26
Lair:6:   minmay_lair_end_enchanted_forest, layout_misc_corridors,
          grunt_megastairs_4
Shoals:1: layout_shoals, nicolae_shoals_square_sea_wall, uniq_louise
Shoals:2: layout_shoals, hangedman_shoals_cup_caves
Shoals:3: layout_shoals, argonaut_gorgonesque, uniq_polyphemus
Shoals:4: shoals_end_simple, layout_shoals, nicolae_shoals_sun_and_surf,
          uniq_nikola
Spider:1: layout_spider_delve, hellmonk_motheaten_closet, uniq_frances,
          uniq_mlioglotl
Spider:2: layout_spider_delve
Spider:3: layout_spider_delve
Spider:4: spider_rune_water, nicolae_spider_bzzzt
Slime:1:  layout_caves
Slime:2:  layout_caves
Slime:3:  layout_caves, cheibrodos_slime_lost_civilization_7
Slime:4:  layout_caves
Slime:5
Orc:1:    layout_caves, basic_altar, nicolae_shop_overcharged_wands,
          uniq_josephine
Orc:2:    grunt_orc_tribal_feast, layout_caves, nicolae_orc_pool_cavern,
          uniq_donald
Elf:1:    eino_elf_arrival_customs, layout_onion_city, basic_altar,
          evilmike_minifort, nicolae_rare_books
Elf:2:    nicolae_elf_blades_crystal_corner, layout_gridlike, serial_shops,
          nicolae_shop_advertising_works [nicolae_subvault_shop_adworks]
Elf:3:    minmay_elf_hall_curves, layout_gridlike, minmay_shop_star
Vaults:1: nicolae_vaults_network_barrier, v_misc_12, grunt_vaults_swirl,
          nicolae_vaults_mini_display_case, hangedman_vaults_slither, v_rooms_6,
          vaults_room_stairs_pillars, vaults_dpeg_encased_lava,
          vaults_mumra_chevron, nicolae_vaults_little_squares_3,
          layout_vaults_maze
Vaults:2: st_check, dpeg_vaults_monster_box, ontoclasm_vaults_ligature,
          nicolae_vaults_circle_grid_a, vaults_room_door_hall,
          hangedman_vaults_capsules, ontoclasm_vaults_gateway,
          layout_vaults_quadrants, serial_shops, shop
Vaults:3: gammafunk_ghost_grave, ontoclasm_vaults_eye, v_misc_3, v_rooms_4,
          vaults_mumra_minichess, v_misc_14, hangedman_vaults_nails,
          vaults_room_corners, minmay_crypt_entry_necro_gods,
          nicolae_vaults_little_squares_3, layout_vaults_big_room, serial_shops,
          nicolae_shop_bloodbath_and_beyond
Vaults:4: ontoclasm_vaults_bender, v_misc_30, v_rooms_5,
          nicolae_vaults_fighting_squares, v_misc_2, v_misc_19, v_rooms_2,
          v_misc_19, nicolae_vaults_border_crossing, vaults_dpeg_cross,
          ontoclasm_vaults_tryst, vaults_standard_mumra_x,
          layout_vaults_omnicross, serial_shops, bzr_entry_water
Vaults:5
Depths:1: layout_cave_shapes, serial_bayou, serial_bayou_lagoon_b,
          serial_bayou_pond_b, serial_bayou_pond_e, serial_bayou_shore_b,
          hellmouth_1, zin_statuary, minmay_shop_grove
Depths:2: minmay_complete_graph, layout_cave_pools, hell_entry,
          minmay_misc_feat_chi, grunt_pan_entry_spiral,
          infiniplex_staircase_pillars_1
Depths:3: grunt_twist_and_shout, layout_gridlike, enter_ziggurat_b,
          nrook_campfire, hell_entry, nicolae_abyss_entry_one_way_or_another,
          grunt_dithmenos_smoke, uniq_boris, uniq_parghit
Depths:4: grunt_zot_entry_gee_three, layout_basic, hell_entry,
          dk_noncrumbling_3, abyss_entry, minmay_guarded_unrand_tortoise,
          uniq_vv
Zot:1:    nicolae_moth_party, layout_onion_interference
Zot:2:    layout_cathedral_of_symmetry, hangedman_zot_decor_unnerving_road,
          zot_minivault_8
Zot:3:    kennysheep_room_grid, layout_concentric_octagons, zot_minivault_1
Zot:4:    lemuel_acid_trip, layout_onion_interference
Zot:5:    layout_misc_corridors, st_stairs_10

Skill      XL: |  1  2  3  4  5  6  7  8  9 10 11 12 13 14 15 16 17 18 19 20 21 22 23 24 25 26 |
---------------+-------------------------------------------------------------------------------+-----
Earth Magic    | 4 5 12 13 14 | 14.0
Spellcasting   | 3 4 6 8 10 11 12 13 15 18 19 20 21 | 21.0
Conjurations   | 1 3 5 8 |  8.0
Fighting       | 5 9 10 11 15 19 | 19.7
Shields        | 2 8 10 14 | 14.0
Summonings     | 4 9 12 14 16 18 21 | 21.0
Evocations     | 3 9 10 11 | 11.0
Armour         | 1 12 15 18 | 18.0
Dodging        | 3 7 11 12 13 15 17 18 | 18.0
Stealth        | |  2.1
Transmutations | |  0.7

Action                   |  1- 3 |  4- 6 |  7- 9 | 10-12 | 13-15 | 16-18 | 19-21 | 22-24 | 25-27 || total
-------------------------+-------+-------+-------+-------+-------+-------+-------+-------+-------++-------
Melee: Unarmed           |    10 |       |       |       |       |       |       |       |       ||    10
       Dagger            |    25 |       |       |       |       |       |       |       |       ||    25
       Short sword       |       |    11 |       |       |       |       |       |       |       ||    11
       War axe           |       |       |     3 |    45 |   192 |   536 |   475 |   453 |   136 ||  1840
 Cast: Sandblast         |    44 |    80 |   100 |   225 |     2 |       |       |       |       ||   451
       Stone Arrow       |       |       |    44 |    31 |     2 |     1 |       |       |       ||    78
       Summon Cactus Gia |       |       |       |    23 |    57 |    24 |    15 |     1 |     2 ||   122
       Summon Ice Beast  |       |       |       |     8 |    11 |     1 |       |       |       ||    20
       Summon Mana Viper |       |       |       |    11 |    35 |    18 |    17 |     6 |     4 ||    91
       Monstrous Menager |       |       |       |     1 |   132 |   288 |   290 |   197 |    42 ||   950
       Irradiate         |       |       |       |       |       |     8 |     8 |     1 |       ||    17
       Lee's Rapid Decon |       |       |       |       |       |       |     2 |       |       ||     2
       Summon Hydra      |       |       |       |       |       |       |   104 |    57 |    17 ||   178
       Summon Forest     |       |       |       |       |       |       |    16 |     8 |     3 ||    27
       Dragon's Call     |       |       |       |       |       |       |       |    24 |    35 ||    59
       Summon Horrible T |       |       |       |       |       |       |       |     4 |    26 ||    30
       Malign Gateway    |       |       |       |       |       |       |       |     2 |     1 ||     3
Invok: Call Merchant     |       |       |       |       |     1 |       |       |     2 |       ||     3
       Potion Petition   |       |       |       |       |       |     4 |       |     1 |     6 ||    11
       Bribe Branch      |       |       |       |       |       |     1 |       |       |     1 ||     2
 Abil: Evoke Blink       |       |       |       |       |       |       |       |       |     1 ||     1
Evoke: Wand              |       |       |       |     2 |     5 |     8 |     7 |     3 |     2 ||    27
       Box of beasts     |       |       |       |       |       |       |     2 |       |       ||     2
       Condenser vane    |       |       |       |       |       |       |     1 |       |       ||     1
  Use: Scroll            |       |       |     8 |    13 |     7 |    13 |    12 |     5 |     4 ||    62
       Potion            |       |       |     1 |     6 |     8 |    14 |     7 |    15 |     9 ||    60
 Stab: Sleeping          |     1 |       |       |       |       |       |       |       |       ||     1
       Distracted        |       |       |       |     2 |     1 |    17 |     6 |     9 |     2 ||    37
       Paralysed         |       |       |       |       |     2 |    10 |     5 |     3 |       ||    20
       Confused          |       |       |       |       |       |     2 |       |     2 |       ||     4
       Invisible         |       |       |       |       |       |       |       |     3 |       ||     3
Armor: Robe              |    18 |     9 |    35 |    52 |   145 |   134 |       |       |       ||   393
       Ring mail         |       |       |       |       |       |   234 |   485 |   474 |   333 ||  1526
Dodge: Dodged            |    21 |    15 |    50 |   101 |   175 |   323 |   420 |   336 |   254 ||  1695
Block: Buckler           |       |       |     1 |    89 |   160 |   545 |   575 |   433 |   261 ||  2064
       Reflection        |       |       |     1 |     2 |    10 |    35 |    47 |     9 |     6 ||   110

Table legend: (Time is in decaauts)
 A = Elapsed time spent in this place.
 B = Non-inter-level travel time spent in this place.
 C = Inter-level travel time spent in this place.
 D = Time resting spent in this place.
 E = Time spent auto-exploring this place.
 F = Levels seen in this place.
 G = Mean time per level.
                   A        B        C        D        E       F      G
               +--------+--------+--------+--------+--------+-----+--------+
         Total | 113925 | 107784 |   6141 |  21012 |  67282 |  54 | 2109.7 |
       Dungeon |  23880 |  21608 |   2272 |   3783 |  14326 |  15 | 1592.0 |
          Lair |  12396 |  11140 |   1256 |   1429 |   7812 |   6 | 2066.0 |
        Shoals |  15063 |  14638 |    425 |   5850 |   6112 |   4 | 3765.8 |
   Spider Nest |   6933 |   6660 |    273 |    208 |   5079 |   4 | 1733.2 |
    Slime Pits |   5149 |   5099 |     50 |    726 |   3320 |   5 | 1029.8 |
  Orcish Mines |   3825 |   3654 |    171 |   1411 |   1511 |   2 | 1912.5 |
   Elven Halls |  10235 |   9886 |    349 |   1798 |   6546 |   3 | 3411.7 |
        Vaults |  17084 |  16230 |    854 |   1458 |  11718 |   5 | 3416.8 |
        Depths |  10836 |  10610 |    226 |   2972 |   5546 |   4 | 2709.0 |
           Zot |   8462 |   8202 |    260 |   1376 |   5267 |   5 | 1692.4 |
        Bazaar |     57 |     57 |      0 |      0 |     43 |   1 |   57.0 |
               +--------+--------+--------+--------+--------+-----+--------+

Top non-repeatable levels by time:
Shoals:3: 5919 daAuts
Depths:1: 4815 daAuts
   Elf:1: 4353 daAuts
Shoals:2: 3980 daAuts
Vaults:5: 3793 daAuts
Vaults:1: 3608 daAuts
Vaults:3: 3457 daAuts
Vaults:4: 3343 daAuts
   Elf:2: 3322 daAuts
    D:15: 2962 daAuts
Vaults:2: 2881 daAuts
   Zot:4: 2815 daAuts
Shoals:4: 2636 daAuts
Depths:4: 2621 daAuts
   Elf:3: 2560 daAuts
